 Dungeon Crawl Stone Soup version 0.26-a0-1086-g9010512d90 (webtiles) character file.

Game seed: 4810934095721059159

161 robertstho the Chiller (level 5, -7/55 HPs)
             Began as a Gnoll Ice Elementalist on Dec 14, 2020.
             Mangled by an ice beast (14 damage)
             ... on level 2 of the Dungeon.
             The game lasted 00:04:10 (2071 turns).

robertstho the Chiller (Gnoll Ice Elementalist)     Turns: 2071, Time: 00:04:10

Health: -7/55      AC: 22    Str: 10    XL:     5   Next: 42%
Magic:  12/12      EV:  2    Int: 18    God:
Gold:   78         SH:  0    Dex: 16    Spells: 3/14 levels left

rFire    . . .     SeeInvis .   i - +3 whip (holy)
rCold    . . .     Faith    .   (no shield)
rNeg     + + +     Spirit   .   (armour currently unavailable)
rPois    +         Reflect  .   (helmet currently unavailable)
rElec    .         Harm     .   (cloak currently unavailable)
rCorr    .         Rampage  .   (gloves currently unavailable)
Will     .....     NoTele   +   (boots currently unavailable)
Stlth    +++.......             (no amulet)
HPRegen  0.18/turn              (no ring)
MPRegen  0.13/turn              (no ring)

@: tree-form
A: distributed training, strong nose
a: no special abilities


You were on level 2 of the Dungeon.
You were a tree.
You visited 1 branch of the dungeon, and saw 2 of its levels.

You collected 78 gold pieces.

Inventory:

Hand Weapons
 b - a +0 short sword
 i - a +3 whip of holy wrath (weapon)
Missiles
 n - 3 javelins
Armour
 a - a +0 robe (melded)
 e - a +0 pair of boots (melded)
 m - a +1 hat (melded)
Jewellery
 o - an uncursed ring of wizardry {unknown}
Scrolls
 d - a scroll of enchant weapon
 l - a scroll of identify {unknown}
 p - a scroll of teleportation {unknown}
Potions
 f - a potion of lignification
 g - a potion of resistance {unknown}
 h - a potion of curing {unknown}
 j - a potion of haste {unknown}


   Skills:
 + Level 1.4 Fighting
 + Level 1.4 Short Blades
 + Level 1.4 Long Blades
 + Level 1.4 Axes
 + Level 1.4 Maces & Flails
 + Level 1.4 Polearms
 + Level 1.4 Staves
 + Level 1.4 Slings
 + Level 1.4 Bows
 + Level 1.4 Crossbows
 + Level 1.4 Throwing
 + Level 1.4 Armour
 + Level 4.8 Dodging
 + Level 4.4 Stealth
 + Level 1.4 Shields
 + Level 1.4 Unarmed Combat
 + Level 5.2 Spellcasting
 + Level 1.1 Conjurations
 + Level 1.1 Hexes
 + Level 1.1 Summonings
 + Level 1.1 Necromancy
 + Level 1.1 Translocations
 + Level 1.1 Transmutations
 + Level 1.1 Fire Magic
 + Level 7.2 Ice Magic
 + Level 1.1 Air Magic
 + Level 1.1 Earth Magic
 + Level 1.1 Poison Magic
 + Level 1.6 Invocations
 + Level 1.4 Evocations


You had 3 spell levels left.
You knew the following spells:

 Your Spells              Type           Power        Failure   Level
a - Freeze                Ice            ####         1%          1
b - Frozen Ramparts       Ice            ####..       1%          3
c - Ozocubu's Armour      Ice            ####....     1%          3
d - Hailstorm             Conj/Ice       ###.....     22%         4

Your spell library contained the following spells:

 Spells                   Type           Power        Failure   Level
 Summon Ice Beast         Ice/Summ       ###.....     22%         4


Dungeon Overview and Level Annotations

Branches:
Dungeon (2/15)

Altars:


Innate Abilities, Weirdness & Mutations

Your experience applies equally to all skills.
((You have very sharp teeth.))
Your uncanny sense of smell can sniff out nearby items.


Message History

You feel less invigorated.
You feel less confused.
The ice beast hits you but does no damage.
You hit the ice beast.
The ice beast is heavily wounded.
The ice beast hits you but does no damage.
Your magical contamination has completely faded away.
You closely miss the ice beast.
The ice beast is heavily wounded.
The ice beast hits you but does no damage.
You whack the ice beast!
The ice beast is almost dead.
The ice beast hits you. The ice beast freezes you!
* * * LOW HITPOINT WARNING * * *
You barely miss the ice beast.
The ice beast is almost dead.
The ice beast hits you.
* * * LOW HITPOINT WARNING * * *
The ice beast freezes you!
You die...

..###......# #....#
...........# ##....#
..##.......### #.....#
...#.........###.....#
##.#.###............(#
<#.#.# #....§.§§§§...#
.#.#.#
#.....§§§§###...g.
.#.#.# #.....§§Y§# #####
...#.###.#..§§##♣#
...#.....#$.§§##§#######
#.##..........##...)....
#..#.........###########
...#.......###
#.......... #.#.......#
..#....... ### ......


You could see an ice beast.

Vanquished Creatures
  Jessica (D:2)
  Natasha (twice) (D:2)
  3 adders (D:2)
  2 dart slugs (D:1)
  2 leopard geckos
  8 bats
  3 giant cockroaches (D:1)
  5 goblins
  5 hobgoblins
  5 jackals (D:1)
  4 kobolds (D:1)
  2 quokkas (D:2)
  2 frilled lizards (D:1)
  9 rats
53 creatures vanquished.

Notes
Turn   | Place    | Note
-------+----------+-------------------------------------------
     0 | D:1      | robertstho the Gnoll Ice Elementalist began the quest for
                  | the Orb.
     0 | D:1      | Reached XP level 1. HP: 13/13 MP: 6/6
    90 | D:1      | Reached XP level 2. HP: 18/19 MP: 2/7
   564 | D:1      | Reached XP level 3. HP: 25/25 MP: 9/9
   568 | D:1      | Learned a level 3 spell: Frozen Ramparts
   572 | D:1      | Learned a level 3 spell: Ozocubu's Armour
   648 | D:1      | Reached skill level 5 in Spellcasting
   753 | D:1      | Reached skill level 1 in Invocations
  1173 | D:2      | Noticed Jessica
  1180 | D:2      | Killed Jessica
  1181 | D:2      | Reached skill level 1 in Fighting
  1181 | D:2      | Reached skill level 1 in Short Blades
  1181 | D:2      | Reached skill level 1 in Long Blades
  1181 | D:2      | Reached skill level 1 in Axes
  1181 | D:2      | Reached skill level 1 in Maces & Flails
  1181 | D:2      | Reached skill level 1 in Polearms
  1181 | D:2      | Reached skill level 1 in Staves
  1181 | D:2      | Reached skill level 1 in Slings
  1181 | D:2      | Reached skill level 1 in Bows
  1181 | D:2      | Reached skill level 1 in Crossbows
  1181 | D:2      | Reached skill level 1 in Throwing
  1181 | D:2      | Reached skill level 1 in Armour
  1181 | D:2      | Reached skill level 1 in Shields
  1181 | D:2      | Reached skill level 1 in Unarmed Combat
  1181 | D:2      | Reached skill level 1 in Evocations
  1181 | D:2      | Reached XP level 4. HP: 15/32 MP: 9/11
  1481 | D:2      | Noticed Natasha
  1489 | D:2      | Killed Natasha
  1490 | D:2      | Reached skill level 1 in Conjurations
  1490 | D:2      | Reached skill level 1 in Hexes
  1490 | D:2      | Reached skill level 1 in Summonings
  1490 | D:2      | Reached skill level 1 in Necromancy
  1490 | D:2      | Reached skill level 1 in Translocations
  1490 | D:2      | Reached skill level 1 in Transmutations
  1490 | D:2      | Reached skill level 1 in Fire Magic
  1490 | D:2      | Reached skill level 1 in Air Magic
  1490 | D:2      | Reached skill level 1 in Earth Magic
  1490 | D:2      | Reached skill level 1 in Poison Magic
  1706 | D:2      | Reached XP level 5. HP: 37/37 MP: 8/12
  1835 | D:2      | Noticed Natasha
  1841 | D:2      | Noticed an ice beast
  1844 | D:2      | Killed Natasha
  2045 | D:2      | Learned a level 4 spell: Hailstorm
  2071 | D:2      | Mangled by an ice beast

Illustrated notes

Levels and vault maps discovered:
D:1:      lightli_arrival_isolated_outpost, layout_basic
D:2:      layout_basic, uniq_natasha, uniq_jessica

Skill      XL: |  1  2  3  4 |
---------------+-------------+-----
Spellcasting   | 5 |  5.2
Invocations    | 1 |  1.6
Fighting       | 1 |  1.4
Short Blades   | 1 |  1.4
Long Blades    | 1 |  1.4
Axes           | 1 |  1.4
Maces & Flails | 1 |  1.4
Polearms       | 1 |  1.4
Staves         | 1 |  1.4
Slings         | 1 |  1.4
Bows           | 1 |  1.4
Crossbows      | 1 |  1.4
Throwing       | 1 |  1.4
Armour         | 1 |  1.4
Shields        | 1 |  1.4
Unarmed Combat | 1 |  1.4
Evocations     | 1 |  1.4
Conjurations   | 1 |  1.1
Hexes          | 1 |  1.1
Summonings     | 1 |  1.1
Necromancy     | 1 |  1.1
Translocations | 1 |  1.1
Transmutations | 1 |  1.1
Fire Magic     | 1 |  1.1
Air Magic      | 1 |  1.1
Earth Magic    | 1 |  1.1
Poison Magic   | 1 |  1.1
Dodging        | |  4.8
Stealth        | |  4.4
Ice Magic      | |  7.2

Action                   |  1- 3 |  4- 6 || total
-------------------------+-------+-------++-------
Melee: Unarmed           |    38 |       ||    38
       Bite              |     8 |     3 ||    11
       Short sword       |    14 |       ||    14
       Whip              |    16 |    41 ||    57
 Cast: Freeze            |    23 |       ||    23
       Frozen Ramparts   |     5 |     4 ||     9
       Hailstorm         |       |     1 ||     1
  Use: Scroll            |       |     2 ||     2
       Potion            |       |     2 ||     2
 Stab: Sleeping          |     4 |     2 ||     6
Armor: Robe              |    16 |     7 ||    23
       Skin              |       |     7 ||     7
Dodge: Dodged            |    71 |    24 ||    95

Table legend: (Time is in decaauts)
 A = Elapsed time spent in this place.
 B = Non-inter-level travel time spent in this place.
 C = Inter-level travel time spent in this place.
 D = Time resting spent in this place.
 E = Time spent auto-exploring this place.
 F = Levels seen in this place.
 G = Mean time per level.
                   A        B        C        D        E       F      G
               +--------+--------+--------+--------+--------+-----+--------+
         Total |   2078 |   2029 |     49 |    184 |   1463 |   2 | 1039.0 |
       Dungeon |   2078 |   2029 |     49 |    184 |   1463 |   2 | 1039.0 |
               +--------+--------+--------+--------+--------+-----+--------+

Top non-repeatable levels by time:
     D:1: 1171 daAuts
     D:2: 907 daAuts
